 Dungeon Crawl Stone Soup version 0.24.0-123-gd5b16e6ec5 (webtiles) character file.

Game seed: 9666628266421903863, levelgen mode: deterministic

100 AuftragZ the Conjurer (level 4, -5/24 HPs)
             Began as a Deep Elf Conjurer on Jan 21, 2020.
             Was an Initiate of Sif Muna.
             Slain by a gnoll
             ... wielding a +0 flail
              (12 damage)
             ... on level 3 of the Dungeon.
             The game lasted 00:14:26 (3606 turns).

AuftragZ the Conjurer (Deep Elf Conjurer)           Turns: 3606, Time: 00:14:27

Health: -5/24      AC:  2    Str:  5    XL:     4   Next: 47%
Magic:  1/12       EV: 13    Int: 21    God:    Sif Muna [......]
Gold:   199        SH:  0    Dex: 15    Spells: 0/11 levels left

rFire    + . .     SeeInvis .   (no weapon)
rCold    x . .     Gourm    .   (no shield)
rNeg     . . .     Faith    .   a - +0 robe
rPois    .         Spirit   .   (no helmet)
rElec    .         Reflect  .   (no cloak)
rCorr    .         Harm     .   (no gloves)
MR       .....                  (no boots)
Stlth    ++........             (no amulet)
HPRegen  0.08/turn              f - ring of fire
MPRegen  0.13/turn              (no ring)

@: no status effects
A: no striking features
a: Renounce Religion


You were on level 3 of the Dungeon.
You worshipped Sif Muna.
Sif Muna was noncommittal.
You were not hungry.

You visited 1 branch of the dungeon, and saw 3 of its levels.

You collected 199 gold pieces.

Inventory:

Missiles
 g - 5 curare-tipped darts (quivered)
Armour
 a - a +0 robe (worn)
Jewellery
 f - a ring of fire (left hand)
Scrolls
 b - a scroll of identify
 e - a scroll of remove curse
Potions
 d - 3 potions of curing
 h - a potion of mutation {unknown}
Comestibles
 c - 3 rations


   Skills:
 + Level 2.7 Dodging
 + Level 2.5 Stealth
 * Level 4.3 Spellcasting
 + Level 5.8 Conjurations


You couldn't memorise any spells.
You knew the following spells:

 Your Spells              Type           Power        Failure   Level  Hunger
a - Magic Dart            Conj           ####         1%          1    None
b - Searing Ray           Conj           ####..       1%          2    #......
c - Iskenderun's Mystic   Conj           ####....     11%         4    ####...
d - Fulminant Prism       Conj/Hex       ###.......   34%         4    ####...

Your spell library contained the following spells:

 Spells                   Type           Power        Failure   Level  Hunger
 Dazzling Spray           Conj/Hex       ###...       11%         3    ##.....
 Force Lance              Conj/Tloc      ###.....     34%         4    ####...


Dungeon Overview and Level Annotations

Branches:
Dungeon (3/15)

Altars:
Cheibriados
Hepliaklqana
Makhleb
Sif Muna
Vehumet


Message History

The jackal misses you. The quokka bites you.
The gnoll hits you with a +0 flail! The jackal closely misses you.
The quokka closely misses you. The gnoll barely misses you.
An orc comes into view. It is wielding a +0 mace.
The jackal misses you. The jackal barely misses you.
An orc comes into view. It is wielding a +0 short sword.
The jackal misses you.
The jackal barks!
The orc shouts!
The jackal completely misses you. The quokka closely misses you.
The gnoll closely misses you. The jackal barely misses you.
The quokka misses you. The jackal bites you. The jackal bites you.
* * * LOW HITPOINT WARNING * * *
The jackal barely misses you. The jackal closely misses you.
An orc comes into view. It is wielding a +0 hand axe.
The orc shouts!
The gnoll hits you with a +0 flail!
Ouch! That really hurt!
You die...

o. ##########.##
............ ...........#
#.........oo.#
#............#
####............#
...........@h..#
#.........hg.r# #
#.........h...# ###
#.######............#.....
..........................
..)......#####.######.#..≈
.....)...# #.# #... .
..........# #.# ###≈≈≈##.
........#.# #.###≈≈≈#.#..


You could see a gnoll, 3 orcs, a quokka and 3 jackals.

Vanquished Creatures
  2 gnolls (D:3)
  3 adders (D:2)
  An ooze (D:2)
  A worm (D:2)
  4 leopard geckos (D:1)
  A giant cockroach (D:1)
  6 goblins
  3 hobgoblins
  5 jackals
  5 bats
  3 frilled lizards
  8 kobolds
  3 rats (D:1)
45 creatures vanquished.

Notes
Turn   | Place    | Note
-------+----------+-------------------------------------------
     0 | D:1      | AuftragZ the Deep Elf Conjurer began the quest for the Orb.
     0 | D:1      | Reached XP level 1. HP: 10/10 MP: 6/6
   221 | D:1      | Reached XP level 2. HP: 15/15 MP: 2/8
   470 | D:1      | Reached skill level 5 in Conjurations
   686 | D:1      | Learned a level 2 spell: Searing Ray
  1299 | D:1      | Reached XP level 3. HP: 16/19 MP: 0/9
  2454 | D:2      | Found a hazy altar of Hepliaklqana.
  2462 | D:2      | Found a radiant altar of Vehumet.
  2462 | D:2      | Found a burning altar of Makhleb.
  2462 | D:2      | Found a shimmering blue altar of Sif Muna.
  2503 | D:2      | Became a worshipper of Sif Muna the Loreminder
  2882 | D:2      | Found a snail-covered altar of Cheibriados.
  2905 | D:2      | Reached XP level 4. HP: 18/24 MP: 3/12
  3546 | D:3      | Learned a level 4 spell: Iskenderun's Mystic Blast
  3551 | D:3      | Learned a level 4 spell: Fulminant Prism
  3606 | D:3      | Slain by a gnoll

Levels and vault maps discovered:
D:1:      minmay_arrival_wavy_path, layout_basic,
          hangedman_decor_clover_reticule, wander_ebering_terrifying_dragon_lair
D:2:      layout_basic, grunt_temple_overflow_open, lemuel_crystal_altar,
          minmay_close_crescents
D:3:      layout_basic, first_ration, chequers_serial_rivers_small_b,
          kennysheep_generic_room_8

Skill      XL: |  1  2  3 |
---------------+----------+-----
Conjurations   | 5 |  5.8
Spellcasting   | 4 |  4.3
Dodging        | |  2.7
Stealth        | |  2.5

Action                   |  1- 3 |  4- 6 || total
-------------------------+-------+-------++-------
Melee: Unarmed           |     2 |     2 ||     4
 Cast: Magic Dart        |    55 |     3 ||    58
       Searing Ray       |    10 |     4 ||    14
       Iskenderun's Myst |       |     2 ||     2
  Use: Potion            |     2 |       ||     2
       Scroll            |     2 |       ||     2
  Eat: Ration            |     2 |     1 ||     3
Armor: Robe              |     1 |       ||     1
Dodge: Dodged            |     4 |    19 ||    23
